 Dungeon Sprint DCSS version 0.20-a0-640-g62ed22f (webtiles) character file.

119 esc the Thaumaturge (level 8, -2/53 HPs)
             Began as a Deep Elf Fire Elementalist on Feb 12, 2017.
             Was a High Priest of Vehumet.
             Slain by a giant anaconda (3 damage)
             ... in the Dungeon (Sprint VI: "Thunderdome").
             The game lasted 00:06:42 (841 turns).

esc the Thaumaturge (Deep Elf Fire Elementalist)     Turns: 841, Time: 00:06:43

Health: -2/53      AC:  2    Str:  5    XL:     8   Next: 3%
Magic:  10/34      EV: 13    Int: 23    God:    Vehumet [*****.]
Gold:   255        SH:  0    Dex: 19    Spells: 21/29 levels left

rFire    + + .     SeeInvis .   d - +0 scimitar (venom)
rCold    . . .     Gourm    .   a - +0 robe
rNeg     . . .     Faith    .   (no shield)
rPois    .         Spirit   .   (no helmet)
rElec    +         Reflect  .   (no cloak)
rCorr    .         Harm     .   (no gloves)
MR       .....     NoTele   +   (no boots)
Stlth    +++.......             n - amulet "Seasiug" {+Rage Dex+2}
Regen    0.2/turn               p - ring of the Middle {rF+ MP+9 Stlth+}
MPRegen  0.3/turn               o - ring "Finlal" {rElec rF+ Dex+2}

@: constricted
A: no striking features
a: Renounce Religion, Evoke Berserk Rage


You were in the Dungeon.
You worshipped Vehumet.
Vehumet was extremely pleased with you.
You were very hungry.

You visited 1 branch You collected 390 gold pieces.
You spent 135 gold pieces at shops.

Inventory:

Hand Weapons
 d - a +0 scimitar of venom (weapon)
   (You took it off a naga ritualist in the Dungeon)
 s - a +0 dagger
   (You took it off a goblin in the Dungeon)
Armour
 a - a +0 robe (worn)
Jewellery
 n - the amulet "Seasiug" (around neck) {+Rage Dex+2}
   (You bought it in a shop in the Dungeon)

   [amulet of rage]

   It affects your dexterity (+2).
   It lets you go berserk.
 o - the ring "Finlal" (left hand) {rElec rF+ Dex+2}
   (You bought it in a shop in the Dungeon)

   [ring of protection from fire]

   It affects your dexterity (+2).
   It protects you from fire.
   It insulates you from electricity.
 p - the ring of the Middle (right hand) {rF+ MP+9 Stlth+}
   (You bought it in a shop in the Dungeon)

   [ring of magical power]

   It protects you from fire.
   It affects your magic capacity (+9).
   It makes you more stealthy.
Wands
 j - a wand of acid (5/15)
   (You found it in the Dungeon)
 k - a wand of iceblast (5/15)
   (You found it in the Dungeon)
Scrolls
 i - 3 scrolls of blinking {!r}
 l - 3 scrolls of fog
Potions
 f - 4 potions of haste
 h - a potion of berserk rage {!q}
 m - 2 potions of resistance
Books
 b - a book of Flames
Comestibles
 c - a bread ration {@e1}
 q - 4 chunks of flesh {@w0}


   Skills:
 + Level 7.0 Fighting
 + Level 5.1 Dodging
 - Level 2.4 Stealth
 + Level 11.4 Spellcasting
 + Level 9.5 Conjurations
 + Level 10.1 Fire Magic


You had 21 spell levels left.
You knew the following spells:

 Your Spells              Type           Power        Failure   Level  Hunger
a - Fireball              Conj/Fire      ######....   1%          5    ####...
f - Throw Flame           Conj/Fire      ######       1%          2    None
x - Flame Tongue          Conj/Fire      #####        1%          1    None


Dungeon Overview and Level Annotations

Branches:
Dungeon (1/1)

Altars:
Cheibriados
Dithmenos
Fedhas
Gozag
Kikubaaqudgha
Makhleb
Okawaru
Qazlal
Ru
Sif Muna
Trog
Uskayaw
Vehumet
Xom
Yredelemnul
Zin
The Shining One
Beogh
Jiyva
Lugonu

Shops:
D *[%??*?*:[((!!!!


Message History

Your Fire Magic skill increases to level 10!
You have reached level 8!
You feel clever.
You feel sick.
You regained 3 hp, and now have 31/51 hp.
You now have 4/34 mp.
Unknown command.
You feel better.
You regained 5 hp, and now have 36/53 hp.
Eating one of 5 chunks of flesh {@w0}.
You eat one of the 5 chunks of flesh {@w0}.
You start resting.
You feel less vulnerable to poison.
You regained 3 hp, and now have 39/53 hp.
You regained 5 mp, and now have 9/34 mp.
Things that are here:
a scimitar of venom; a robe
d - a scimitar of venom Wield which item (- for none, * to show all)? (? for menu, Esc to quit)
Your +0 scimitar of venom begins to drip with poison!
d - a +0 scimitar of venom (weapon)
You start resting.
Aim: a giant anaconda (hasn't noticed you)
The fireball explodes!
The fireball engulfs the giant anaconda.
The giant anaconda hisses angrily.
You are feeling hungry.
You now have 6/34 mp.
Aim: a giant anaconda (lightly wounded)
The fireball explodes!
The fireball engulfs the giant anaconda.
You now have 1/34 mp.
Here: a giant anaconda (moderately wounded)
The floor.
Magic courses through your body.
You regained 32 mp, and now have 33/34 mp.
The fireball explodes!
The fireball engulfs the giant anaconda.
You hear a shout!
The giant anaconda closely misses you. The giant anaconda misses you.
The giant anaconda closely misses you.
You riposte.
You hit the giant anaconda.
The giant anaconda is poisoned.
The giant anaconda bites you!
You take 16 damage, and have 25/53 hp.
MASSIVE DAMAGE!!
You now have 28/34 mp.
The fireball explodes!
The fireball engulfs the giant anaconda.
The giant anaconda closely misses you. The giant anaconda bites you!
* * * LOW HITPOINT WARNING * * *
The giant anaconda grabs you. The giant anaconda misses you.
* * * LOW HITPOINT WARNING * * *
The giant anaconda constricts you.
You take 17 damage, and have 8/53 hp.
MASSIVE DAMAGE!!
You now have 23/34 mp.
The fireball explodes!
The fireball engulfs the giant anaconda.
You are feeling very hungry.
The giant anaconda barely misses you.
* * * LOW HITPOINT WARNING * * *
The giant anaconda constricts you.
The giant anaconda bites you but does no damage.
* * * LOW HITPOINT WARNING * * *
The giant anaconda constricts you.
You take 6 damage, and have 2/53 hp.
You now have 18/34 mp.
You feel much better. The giant anaconda closely misses you.
You riposte.
You hit the giant anaconda.
The giant anaconda looks as sick as possible!
The giant anaconda constricts you. The giant anaconda bites you!
* * * LOW HITPOINT WARNING * * *
x2 The giant anaconda constricts you.
You regained 10 hp, and now have 12/53 hp.
You feel much better. The giant anaconda misses you.
The giant anaconda constricts you.
You regained 20 hp, and now have 32/53 hp.
The fireball explodes!
The fireball engulfs the giant anaconda.
The giant anaconda bites you! The giant anaconda constricts you.
The giant anaconda bites you!
* * * LOW HITPOINT WARNING * * *
x2 The giant anaconda constricts you.
You take 28 damage, and have 4/53 hp.
MASSIVE DAMAGE!!
You now have 14/34 mp.
You feel much better. The giant anaconda bites you!
* * * LOW HITPOINT WARNING * * *
x2 The giant anaconda constricts you.
The giant anaconda barely misses you.
You riposte.
You barely miss the giant anaconda.
* * * LOW HITPOINT WARNING * * *
The giant anaconda constricts you.
A naga comes into view. It is wielding a halberd.
You regained 3 hp, and now have 7/53 hp.
The fireball explodes!
The fireball engulfs the giant anaconda.
The giant anaconda misses you.
* * * LOW HITPOINT WARNING * * *
The giant anaconda constricts you. The giant anaconda bites you.
* * * LOW HITPOINT WARNING * * *
You die...

######.8......)..8.#####
##∩_........###......___∩
###∩........8.# #.8........
##N...)..)..N..###..........
#§..........###.).###.......
#⌠..........# #.<.# #.......
#⌠..........###...###.......
##.........S...###..........
###∩......@.8.# #.8........
##∩___......###......___∩
######.8.........8.#####
#⌠...........⌠#
###.........### #........_#
#_......._# #_......._#
#∩.......∩#


You could see a giant anaconda and a naga.

Vanquished Creatures
  A naga ritualist (D)
  A guardian mummy (D)
  Menkaure (D)
  6 orc priests (D)
  2 mummies (D)
  2 white imps (D)
  3 ufetubi (D)
  A goblin (D)
  A hobgoblin (D)
  A kobold (D)
  A quokka (D)
  A frilled lizard (D)
21 creatures vanquished.

Notes
Turn   | Place    | Note
-------+----------+-------------------------------------------
     0 | D        | esc the Deep Elf Fire Elementalist began the quest for the Orb.
     0 | D        | Reached XP level 1. HP: 10/10 MP: 6/6
     1 | D        | Found a snail-covered altar of Cheibriados.
     2 | D        | Found an opulent altar of Gozag.
     3 | D        | Found a burning altar of Makhleb.
     3 | D        | Found a shimmering altar of Xom.
     4 | D        | Found Nonoos's Bee Food.
     4 | D        | Found an ancient bone altar of Kikubaaqudgha.
     4 | D        | Found a stormy altar of Qazlal.
     4 | D        | Found Lavy's Identification Station.
     5 | D        | Found Bem Diuq's Jewellery.
     5 | D        | Found Varoejuk's Advanced Armour.
     5 | D        | Round 1.
    13 | D        | Bought a translucent crystal amulet for 45 gold pieces
    13 | D        | Bought a heavily runed steel ring for 45 gold pieces
    13 | D        | Bought a sparkling tin ring for 45 gold pieces
    13 | D        | Identified the amulet "Seasiug" {+Rage Dex+2} (You bought it in a shop in the Dungeon)
    14 | D        | Identified the ring "Finlal" {rElec rF+ Dex+2} (You bought it in a shop in the Dungeon)
    15 | D        | Identified the ring of the Middle {rF+ MP+9 Stlth+} (You bought it in a shop in the Dungeon)
    57 | D        | Reached skill level 2 in Conjurations
    67 | D        | Found a corrupted altar of Lugonu.
    68 | D        | Found a basalt altar of Yredelemnul.
    69 | D        | Found a roughly hewn altar of Beogh.
    69 | D        | Found a hide-covered altar of Uskayaw.
    69 | D        | Found a deep blue altar of Sif Muna.
    69 | D        | Found Dinailan's Premium Goods.
    69 | D        | Found Xeteucod's Weapon Rack.
    70 | D        | Found Rangan's Miscellaneous Merchandise.
    70 | D        | Found Wemaf's Basic Armour.
    73 | D        | Found a viscous altar of Jiyva.
    74 | D        | Found a sacrificial altar of Ru.
    75 | D        | Found a radiant altar of Vehumet.
    76 | D        | Found Igharchi's Do-It-Yourself Clinic.
    76 | D        | Found a glowing silver altar of Zin.
    76 | D        | Found an iron altar of Okawaru.
    76 | D        | Found a glowing golden altar of the Shining One.
    76 | D        | Found Doagomp's Distillery.
    77 | D        | Found Foepioro's Bottled Wisdom.
    77 | D        | Found Ubichaus's Distillery.
    83 | D        | Became a worshipper of Vehumet
   134 | D        | Found a bloodstained altar of Trog.
   135 | D        | Found a blossoming altar of Fedhas.
   136 | D        | Found a shadowy altar of Dithmenos.
   137 | D        | Found Rurut's Staff Store.
   137 | D        | Found Zuugeis's Magic Scroll Shop.
   138 | D        | Found Dikhlyhie's Must-Have Magic.
   138 | D        | Found Mimaops's Magic Scroll Shop.
   180 | D        | Reached * piety under Vehumet
   180 | D        | Offered knowledge of Freeze by Vehumet.
   180 | D        | Arena points: 12 (+12) [x2]
   180 | D        | Reached skill level 4 in Spellcasting
   180 | D        | Reached skill level 4 in Fire Magic
   211 | D        | Round 2.
   238 | D        | Reached XP level 2. HP: 16/16 MP: 9/9
   281 | D        | Reached skill level 1 in Fighting
   281 | D        | Reached skill level 3 in Conjurations
   286 | D        | Learned a level 2 spell: Throw Flame
   313 | D        | Offered knowledge of Sting by Vehumet.
   313 | D        | Reached ** piety under Vehumet
   317 | D        | Reached skill level 5 in Spellcasting
   317 | D        | Reached XP level 3. HP: 21/21 MP: 9/11
   322 | D        | Arena points: 48 (+36) [x3]
   394 | D        | Round 3.
   396 | D        | Noticed a guardian mummy
   427 | D        | Noticed Menkaure
   432 | D        | HP: 4/21 [guardian mummy (8)]
   436 | D        | Killed a guardian mummy
   436 | D        | Reached *** piety under Vehumet
   436 | D        | Reached skill level 4 in Fighting
   436 | D        | Reached skill level 8 in Spellcasting
   436 | D        | Reached skill level 7 in Conjurations
   436 | D        | Reached skill level 7 in Fire Magic
   436 | D        | Reached XP level 4. HP: 25/28 MP: 11/16
   436 | D        | Reached XP level 5. HP: 29/32 MP: 11/18
   436 | D        | Reached XP level 6. HP: 34/38 MP: 11/19
   443 | D        | Killed Menkaure
   443 | D        | Reached skill level 5 in Fighting
   443 | D        | Reached skill level 9 in Spellcasting
   443 | D        | Reached skill level 8 in Fire Magic
   450 | D        | Learned a level 5 spell: Fireball
   467 | D        | Reached skill level 8 in Conjurations
   508 | D        | Noticed a guardian mummy
   558 | D        | Arena points: 63 (+15) [x1]
   573 | D        | Round 4.
   608 | D        | Offered knowledge of Throw Frost by Vehumet.
   608 | D        | Reached **** piety under Vehumet
   623 | D        | Reached skill level 10 in Spellcasting
   703 | D        | Reached skill level 6 in Fighting
   703 | D        | Reached skill level 9 in Fire Magic
   703 | D        | Reached XP level 7. HP: 44/44 MP: 18/22
   725 | D        | Arena points: 119 (+56) [x2]
   778 | D        | Round 5.
   779 | D        | Noticed a giant anaconda
   779 | D        | Noticed a naga ritualist
   800 | D        | Killed a naga ritualist
   800 | D        | Offered knowledge of Dazzling Spray by Vehumet.
   800 | D        | Reached ***** piety under Vehumet
   800 | D        | Reached skill level 7 in Fighting
   800 | D        | Reached skill level 5 in Dodging
   800 | D        | Reached skill level 11 in Spellcasting
   800 | D        | Reached skill level 9 in Conjurations
   800 | D        | Reached skill level 10 in Fire Magic
   800 | D        | Reached XP level 8. HP: 32/51 MP: 4/25
   835 | D        | HP: 11/53 [giant anaconda (14)]
   836 | D        | HP: 2/53 [giant anaconda (4)]
   841 | D        | HP: 4/53 [giant anaconda (3)]
   841 | D        | HP: 1/53 [giant anaconda (3)]
   841 | D        | Slain by a giant anaconda

Vault maps used:
D:        arena_sprint

Skill      XL: |  1  2  3  4  5  6  7 |
---------------+----------------------+-----
Conjurations   | 2 3 7 8 9 |  9.5
Spellcasting   | 4 5 8 10 11 | 11.4
Fire Magic     | 4 7 9 10 | 10.1
Fighting       | 1 4 6 7 |  7.0
Dodging        | 5 |  5.1
Stealth        | |  2.4

Action                   |  1- 3 |  4- 6 |  7- 9 || total
-------------------------+-------+-------+-------++-------
 Cast: Flame Tongue      |    14 |       |       ||    14
       Throw Flame       |    22 |     7 |       ||    29
       Fireball          |       |     7 |    16 ||    23
  Use: Potion            |     2 |       |     5 ||     7
       Scroll            |       |     1 |       ||     1
  Eat: Chunk             |       |       |     2 ||     2
Armor: Robe              |       |       |     1 ||     1
Dodge: Dodged            |     6 |     1 |    10 ||    17
       Rpst.: Scimitar   |       |       |     3 ||     3

Vault maps used:
D:        arena_sprint

Table legend:
 A = Turns spent in this place as a percentage of turns spent in the entire game.
 B = Non-inter-level travel turns spent in this place as a percentage of non-inter-level travel turns spent in the entire game.
 C = Inter-level travel turns spent in this place as a percentage of turns spent in this place.
 D = Turns resting spent in this place as a percentage of non-inter-level travel turns spent in this place.
 E = Turns spent auto-exploring this place as a percentage of non-inter-level travel turns spent in this place.
 F = Non-inter-level travel turns spent in this place divided by the number of levels of this place that you've seen.
                   A       B       C       D       E      F
               +-------+-------+-------+-------+-------+----------------------
         Total | 100.0 | 100.0 |   0.0 |  11.6 |   0.5 | 422.0
       Dungeon | 100.0 | 100.0 |   0.0 |  11.6 |   0.5 | 422.0
               +-------+-------+-------+-------+-------+----------------------

Table legend:
 A = Kills in this place as a percentage of kills in entire the game.
 B = Kills by you in this place as a percentage of kills by you in the entire game.
 C = Kills by friends in this place as a percentage of kills by friends in the entire game.
 D = Other kills in this place as a percentage of other kills in the entire game.
 E = Experience gained in this place as a percentage of experience gained in the entire game.
 F = Experience gained in this place divided by the number of levels of this place that you have seen.
                   A       B       C       D       E      F
               +-------+-------+-------+-------+-------+----------------------
         Total | 100.0 | 100.0 |  -nan |  -nan | 100.0 | 1473.0
       Dungeon | 100.0 | 100.0 |  -nan |  -nan | 100.0 | 1473.0
               +-------+-------+-------+-------+-------+----------------------
